 Dungeon Crawl Stone Soup version 0.18.1-50-g88ac8fd (webtiles) character file.

162 Qew7 the Covert (level 5, -3/35 HPs)
             Began as an Octopode Assassin on Oct 26, 2016.
             Was a Follower of Dithmenos.
             Slain by an ogre
             ... wielding a +0 giant spiked club
              (14 damage)
             ... on level 4 of the Dungeon.
             The game lasted 00:11:17 (2301 turns).

Qew7 the Covert (Octopode Assassin)                 Turns: 2301, Time: 00:11:17

Health: -3/35      AC:  1    Str: 10    XL:     5   Next: 43%
Magic:  14/14      EV: 12    Int: 13    God:    Dithmenos [*.....]
Gold:   158        SH:  0    Dex: 15    Spells: 0 memorised, 4 levels left

rFire  . . .     SeeInvis .     a - +4 dagger
rCold  . . .     Gourm    .     (no shield)
rNeg   . . .     Faith    .     (helmet restricted)
rPois  +         Spirit   .     (no amulet)
rElec  .         Dismiss  .     k - ring of magical power
rCorr  .         Reflect  .     t - ring of poison resistance
SustAt .         Harm     .     (no ring)
MR     .....                    (no ring)
Stlth  ++++++....               (no ring)
                                (no ring)
                                (no ring)
                                (no ring)

@: wreathed by umbra, not resistant to hostile enchantments, very stealthy
A: almost no armour, amphibious, 8 rings, constrict 8, camouflage 1, gelatinous
body 1
a: Renounce Religion


You were on level 4 of the Dungeon.
You worshipped Dithmenos.
Dithmenos was aware of your devotion.
You were not hungry.

You visited 1 branch of the dungeon, and saw 4 of its levels.

You collected 158 gold pieces.

Inventory:

Hand Weapons
 a - a +4 dagger (weapon)
 b - a +0 blowgun
Missiles
 c - 32 poisoned needles
 d - 2 curare-tipped needles
Jewellery
 k - a ring of magical power (left tentacle)
 t - a ring of poison resistance (right tentacle)
Wands
 v - a wand of lightning (6/15)
Scrolls
 j - 2 scrolls of enchant weapon
 u - a scroll of blinking
 y - 2 scrolls of remove curse
Potions
 e - 2 potions of curing
 h - a potion of invisibility {unknown}
 i - a potion of flight {unknown}
 l - a potion of cure mutation {unknown}
 m - a potion of cancellation {unknown}
 o - a potion of haste {unknown}
 p - a potion of agility {unknown}
 q - a potion of magic {unknown}
 r - a potion of resistance {unknown}
 w - a potion of degeneration {unknown}
 z - a potion of mutation {unknown}
Books
 n - a book of the Dragon

   Spells                             Type                      Level
   a - Flame Tongue                   Conjuration/Fire             1
   b - Cause Fear                     Hexes                        4
   c - Bolt of Fire                   Conjuration/Fire             6
   d - Dragon Form                    Transmutation                7
   e - Dragon's Call                  Summoning                    9
Comestibles
 f - 4 bread rations
 s - 4 fruits
 x - a meat ration


   Skills:
 + Level 2.4 Fighting
 + Level 2.4 Short Blades
 + Level 2.1 Throwing
 + Level 1.5 Dodging
 + Level 8.2 Stealth


You had 4 spell levels left.
You didn't know any spells.

Dungeon Overview and Level Annotations

Branches:
Dungeon (4/15)
 Temple: D:4-7

Altars:
Cheibriados
Dithmenos
Fedhas
Gozag
Zin


Innate Abilities, Weirdness & Mutations

You cannot wear most types of armour.
You are amphibious.
You can wear up to eight rings at the same time.
You can use your tentacles to constrict eight enemies at once.
Your skin changes colour to match your surroundings (Stealth).
Your rubbery body absorbs attacks (AC +1).


Message History

Firing (i - inventory. (,) - cycle):
c - 33 poisoned needles (quivered)
Press: ? - help, Shift-Dir - straight line, f - ogre
Aim: an ogre, wielding a giant spiked club (severely wounded)
You shoot a poisoned needle. The poisoned needle hits the ogre.
The ogre is poisoned.
The ogre is severely wounded.
The ogre looks more healthy.
Really attack while wielding your +0 blowgun? [Y]es or [N]o only, please.
Really attack while wielding your +0 blowgun? [Y]es or [N]o only, please.
Really attack while wielding your +0 blowgun? [Y]es or [N]o only, please.
Really attack while wielding your +0 blowgun? [Y]es or [N]o only, please.
Really attack while wielding your +0 blowgun?
Okay, then.
a - a +4 dagger (weapon)
The ogre hits you with a giant spiked club!
You die...

..........######.###
....................
..............##.####
##.$...##.###........
##..>.###.###..#.#...
#...........#..#.#
.................# .. ..
......##..#..#.#O# #.#..
..........#....P@# #.#.#
......##.##.P.PPP####.# #.#.#
............PP_.P.....####...####
###...##..##PP..P######.##.......
.............PPP.# ###.##......#
####..##..######.# #.(..........
# #..##..# #.#####...........
####..###.# #.#.........######
.....(###.# #....##..##.#


You could see an ogre.

Vanquished Creatures
  7 adders
  An ooze (D:2)
  2 worms (D:3)
  2 dart slugs (D:2)
  2 giant geckos (D:1)
  An orc (D:3)
  8 giant cockroaches
  10 goblins
  10 hobgoblins
  2 jackals (D:1)
  10 kobolds
  A quokka (D:4)
  3 ball pythons
  8 bats
  6 giant newts
  A jackal skeleton (D:3)
  6 rats
80 creatures vanquished.

Notes
Turn   | Place    | Note
--------------------------------------------------------------
     0 | D:1      | Qew7 the Octopode Assassin began the quest for the Orb.
     0 | D:1      | Reached XP level 1. HP: 14/14 MP: 1/1
   127 | D:1      | Reached XP level 2. HP: 19/19 MP: 2/2
   143 | D:1      | Reached skill level 6 in Stealth
   471 | D:1      | Reached XP level 3. HP: 24/24 MP: 3/3
   973 | D:2      | Reached skill level 7 in Stealth
   973 | D:2      | Reached XP level 4. HP: 27/29 MP: 4/4
  1087 | D:2      | Found a snail-covered altar of Cheibriados.
  1402 | D:3      | Found a shadowy altar of Dithmenos.
  1409 | D:3      | Became a worshipper of Dithmenos the Shadowed
  1681 | D:3      | Reached XP level 5. HP: 34/34 MP: 5/5
  1903 | D:3      | Found a glowing silver altar of Zin.
  1904 | D:3      | Found an opulent altar of Gozag.
  1948 | D:3      | Reached * piety under Dithmenos
  1948 | D:3      | Reached skill level 8 in Stealth
  2215 | D:4      | Found a blossoming altar of Fedhas.
  2234 | D:4      | Noticed an ogre
  2301 | D:4      | Slain by an ogre

Skill      XL: |  1  2  3  4  5 |
---------------+----------------+-----
Stealth        | 6 7 8 |  8.2
Fighting       | |  2.4
Short Blades   | |  2.4
Throwing       | |  2.1
Dodging        | |  1.5

Action                   |  1- 3 |  4- 6 || total
-------------------------+-------+-------++-------
Melee: Dagger            |    69 |    76 ||   145
       Constrict         |    10 |    16 ||    26
       Tentacles         |     7 |    10 ||    17
 Fire: Blowgun           |       |     1 ||     1
  Use: Scroll            |     1 |     6 ||     7
       Potion            |       |     3 ||     3
 Stab: Sleeping          |    17 |    22 ||    39
       Distracted        |       |     1 ||     1
  Eat: Bread ration      |       |     1 ||     1
Armor: Skin              |     3 |     3 ||     6
Dodge: Dodged            |    25 |    39 ||    64
